 Dungeon Crawl Stone Soup version 0.26.0-10-g1f06aea511 (webtiles) character file.

Game seed: 9282324789880594422

597 Borgoz the Slasher (level 7, 0/58 HPs)
             Began as a Ghoul Gladiator on Jan 31, 2021.
             Was an Initiate of Ashenzari.
             Killed by divine providence
             ... invoked by an orc priest
              (15 damage)
             ... on level 6 of the Dungeon.
             The game lasted 00:09:04 (6253 turns).

Borgoz the Slasher (Ghoul Gladiator)                Turns: 6253, Time: 00:09:05

Health: 0/58       AC:  7    Str: 18    XL:     7   Next: 40%
Magic:  6/6        EV: 12    Int:  3    God:    Ashenzari [......]
Gold:   293        SH:  0    Dex: 12    Spells: 6/6 levels left

rFire    . . .     SeeInvis .   a - +0 long sword
rCold    + . .     Faith    .   (no shield)
rNeg     + + +     Spirit   .   i - +0 ring mail
rPois    ∞         Reflect  .   c - +0 helmet
rElec    .         Harm     .   (no cloak)
rCorr    .         Rampage  .   (no gloves)
Will     .....                  (no boots)
Stlth    +.........             (no amulet)
HPRegen  0.00/turn              (no ring)
MPRegen  0.10/turn              (no ring)

@: no status effects
A: claws 1, cold resistance 1, negative energy resistance 3, inhibited
regeneration, torment resistance, unbreathing
a: Renounce Religion, Curse Item


You were on level 6 of the Dungeon.
You worshipped Ashenzari.
Ashenzari was noncommittal.
You visited 2 branches of the dungeon, and saw 7 of its levels.

You collected 293 gold pieces.

Inventory:

Hand Weapons
 a - a +0 long sword (weapon)
Missiles
 d - 3 throwing nets (quivered)
Armour
 b - a cursed +0 ring mail
 c - a +0 helmet (worn)
 i - a +0 ring mail (worn)
Jewellery
 e - an uncursed ring of ice
Scrolls
 h - a scroll of enchant weapon {unknown}
 j - 4 scrolls of remove curse
 k - 4 scrolls of fog
 o - a scroll of magic mapping
Potions
 f - 3 potions of brilliance
 g - a potion of curing
 m - 2 potions of flight


   Skills:
 + Level 3.9 Fighting
 * Level 4.8 Long Blades
 - Level 1.9 Throwing
 * Level 3.8 Armour
 + Level 3.9 Dodging


You had 6 spell levels left.
You didn't know any spells.
Your spell library contained the following spells:

 Spells                   Type           Power        Failure   Level
 Confusing Touch          Hex            0%           97%         3
 Gell's Gravitas          Tloc           0%           97%         3
 Petrify                  Tmut/Erth      0%           100%        4
 Metabolic Englaciation   Hex/Ice        0%           100%        5
 Yara's Violent Unravell  Hex/Tmut       0%           100%        5


Dungeon Overview and Level Annotations

Branches:
Dungeon (6/15)             Temple (1/1) D:5

Altars:
Ashenzari
Cheibriados
Elyvilon
Fedhas
Gozag
Hepliaklqana
Kikubaaqudgha
Makhleb
Nemelex Xobeh
Okawaru
Qazlal
Sif Muna
Wu Jian
Xom
Yredelemnul
Zin

Shops:
D:4 !

Annotations:
D:4 windycow's ghost, amateur GnWn


Innate Abilities, Weirdness & Mutations

You thrive by killing the living.
You are immune to poison.
You have sharp fingernails.
Your flesh is cold resistant. (rC+)
You are immune to negative energy. (rN+++)
You do not regenerate when monsters are visible.
You are immune to unholy pain and torment.
You can survive without breathing.


Message History

You are too injured to fight recklessly!
You are too injured to fight recklessly!
You are too injured to fight recklessly!
You closely miss the orc.
The orc is heavily wounded.
The orc barely misses you.
You barely miss the orc.
The orc is severely wounded.
You slash the orc!
You kill the orc!
The orc closely misses you.
You slash the orc!
You kill the orc!
The orc priest invokes the aid of Beogh against you.
Beogh smites you!
* * * LOW HITPOINT WARNING * * *
You hit the orc but do no damage.
The orc priest invokes the aid of Beogh against you.
Beogh smites you!
You die...

#.#'#### #......##
#......' ......#
#.....# #.....#
... #.oo..# .....
#o# 8...8 ### #@#
#># #.# #.#
########.# #.#
###.#.#.##.# #.#
...#.#.##.#
#.#######.#.#.##..
#........>.......<
###.....#.#.######
#.....+.#.#
##.....###.# ####


You could see an orc priest and 2 orcs.

Vanquished Creatures
  A centaur (D:5)
  A scorpion (D:6)
  2 bullfrog skeletons (D:5)
  An orc priest (D:4)
  3 orc wizards
  2 worker ants
  Terence (D:3)
  4 gnolls
  8 adders
  A shadow imp (D:5)
  A white imp (D:5)
  3 worms
  2 dart slugs
  20 orcs
  7 bats
  3 giant cockroaches
  6 goblins
  3 hobgoblins
  4 kobolds
  4 quokkas
  4 ball pythons
  8 frilled lizards
  A leopard gecko skeleton (D:4)
  A rat (D:3)
91 creatures vanquished.

Vanquished Creatures (others)
  A withered plant (D:4)
1 creature vanquished.

Grand Total: 92 creatures vanquished

Notes
Turn   | Place    | Note
-------+----------+-------------------------------------------
     0 | D:1      | Borgoz the Ghoul Gladiator began the quest for the Orb.
     0 | D:1      | Reached XP level 1. HP: 17/17 MP: 0/0
   390 | D:1      | Reached XP level 2. HP: 25/25 MP: 1/1
   640 | D:2      | Reached skill level 3 in Long Blades
   643 | D:2      | Reached XP level 3. HP: 25/30 MP: 2/2
   662 | D:2      | Reached skill level 1 in Armour
   896 | D:2      | Found a snail-covered altar of Cheibriados.
   967 | D:2      | Found a hazy altar of Hepliaklqana.
  1187 | D:2      | Found an ornate altar of the Wu Jian Council.
  1236 | D:2      | Found a snail-covered altar of Cheibriados.
  1357 | D:2      | Reached XP level 4. HP: 12/37 MP: 3/3
  2268 | D:3      | Noticed Terence
  2294 | D:3      | Killed Terence
  2471 | D:3      | Reached XP level 5. HP: 44/45 MP: 4/4
  3539 | D:4      | Found a broken altar of Ashenzari.
  3617 | D:4      | Became a worshipper of Ashenzari the Shackled
  3789 | D:4      | Reached skill level 4 in Long Blades
  3838 | D:4      | Found a runed translucent door.
  3840 | D:4      | Noticed windycow's ghost (amateur GnWn)
  3893 | D:5      | Entered Level 5 of the Dungeon
  4155 | D:5      | Found a staircase to the Ecumenical Temple.
  4169 | Temple   | Entered the Ecumenical Temple
  4305 | D:5      | Reached XP level 6. HP: 49/51 MP: 5/5
  4727 | D:5      | Found a basalt altar of Yredelemnul.
  5262 | D:4      | Found Jisy's Distillery.
  5291 | D:5      | Reached XP level 7. HP: 27/58 MP: 6/6
  6073 | D:6      | Found a stormy altar of Qazlal.
  6240 | D:6      | Paralysed by an orc for 5 turns
  6253 | D:6      | Killed from afar by an orc priest

Illustrated notes

Levels and vault maps discovered:
D:1:      dpeg_arrival_court, layout_rooms, serial_glass, glass_columns_b,
          glass_columns_b, minmay_misc_feat_five
D:2:      layout_basic, lemuel_crystal_altar, nzn_wu_jian_council_hall,
          nzn_hepliaklqana_mist_gate, cheibriados_altar_1
D:3:      minmay_recursive_quarters, layout_loops_corners, uniq_terence
D:4:      layout_layer_cave, marbit_many_paths, serial_shops, shop,
          gammafunk_ghost_grave, minmay_misc_feat_ornament
D:5:      layout_basic, yredelemnul_altar_generic, minmay_temple_entry_offerings
D:6:      layout_basic, trog_eyes_of_draining, nicolae_qazlal_general_emergency,
          nicolae_overflow_hidden_temple, gammafunk_temple_overflow_wave,
          kennysheep_generic_room_6, uniq_edmund
Temple:   compressed_dpeg_circular_temple

Skill      XL: |  1  2  3  4  5  6 |
---------------+-------------------+-----
Long Blades    | 3 4 |  4.8
Armour         | 1 2 3 |  3.8
Dodging        | 3 |  3.9
Fighting       | 3 |  3.9
Throwing       | |  1.9

Action                   |  1- 3 |  4- 6 |  7- 9 || total
-------------------------+-------+-------+-------++-------
Melee: Long sword        |    72 |   223 |    70 ||   365
Throw: Throwing net      |     2 |     3 |     3 ||     8
  Use: Scroll            |       |    14 |       ||    14
       Potion            |       |     4 |       ||     4
Armor: Leather armour    |    21 |    29 |       ||    50
       Ring mail         |       |    57 |    42 ||    99
Dodge: Dodged            |    61 |   163 |    67 ||   291
       Rpst.: Long sword |    18 |    49 |    23 ||    90
